[Event "CCT Chessable Masters D-III 2024"]
[Site "Online"]
[Date "2024.02.03"]
[Round "52"]
[White "Antipov, Mikhail Al."]
[Black "MashaPutina"]
[Result "1/2-1/2"]
[ECO "B52"]
[WhiteElo "2604"]
[BlackElo "2640"]
[Annotator "ChessBase"]
[PlyCount "59"]
[EventDate "2024.01.12"]
[EventType "k.o."]
[EventCountry "NET"]
[SourceTitle "playchess.com"]
[Source "ChessBase"]
[SourceQuality "1"]
[TimeControl "600+2"]

1. e4 c5 2. Nf3 d6 3. Bb5+ Bd7 4. c4 Nf6 5. Nc3 g6 6. O-O Bg7 7. Bxd7+ Nbxd7 8. d3 O-O 9. h3 a6 10. a4 e6 11. Be3 Qc7 12. Rb1 Rfe8 13. Qd2 Rad8 14. Rfc1 b6 15. b4 Qc6 16. b5 axb5 17. axb5 Qb7 18. Bf4 Nf8 19. Qe2 h6 20. Ra1 g5 21. Bh2 d5 22. Ra6 dxc4 23. dxc4 Ng6 24. Na4 Nd7 25. Rd1 Ngf8 26. Bd6 Ng6 27. Bg3 Ngf8 28. Bd6 Ng6 29. Bg3 Ngf8 30. Bd6 1/2-1/2

[Event "CCT Chessable Masters D-III 2024"]
[Site "Online"]
[Date "2024.02.03"]
[Round "52"]
[White "Yoo, Christopher Woojin"]
[Black "Mishra, Abhimanyu"]
[Result "1-0"]
[ECO "E01"]
[WhiteElo "2595"]
[BlackElo "2627"]
[Annotator "ChessBase"]
[PlyCount "101"]
[EventDate "2024.01.12"]
[EventType "k.o."]
[EventCountry "NET"]
[SourceTitle "playchess.com"]
[Source "ChessBase"]
[SourceQuality "1"]
[TimeControl "600+2"]

1. d4 d5 2. c4 c6 3. Nf3 Nf6 4. Nc3 e6 5. g3 dxc4 6. Bg2 Nbd7 7. O-O b5 8. e4 Bb7 9. a4 Be7 10. axb5 cxb5 11. e5 Nd5 12. Nxb5 O-O 13. h4 h6 14. Nd2 Bc6 15. Nxa7 Bb7 16. Nxc4 Qb8 17. Bxh6 gxh6 18. Qg4+ Kh8 19. Qh5 Rxa7 20. Qxh6+ Kg8 21. Be4 N5f6 22. exf6 Nxf6 23. Qg5+ Kh8 24. Qh6+ Kg8 25. Bd3 Rd8 26. Qg5+ Kf8 27. Qh6+ Kg8 28. Rae1 Rd5 29. Re5 Qf8 30. Qf4 Qg7 31. Rxd5 exd5 32. Qb8+ Bf8 33. Ne5 Ra2 34. Qxb7 Nh5 35. Kh2 Ra4 36. Qxd5 Nf6 37. Qd8 Rb4 38. Bc4 Rxb2 39. Bxf7+ Kh7 40. Bg6+ Kg8 41. Bf5 Nh5 42. Be6+ Kh7 43. Bf5+ Kg8 44. Qd5+ Kh8 45. Ng6+ Kh7 46. Nxf8+ Kh6 47. Qe6+ Nf6 48. Qe3+ Kh5 49. Qf3+ Kh6 50. Qf4+ Kh5 51. Bg6+ 1-0

[Event "CCT Chessable Masters D-III 2024"]
[Site "Online"]
[Date "2024.02.03"]
[Round "52"]
[White "Lysyj, Igor"]
[Black "Sargissian, Gabriel"]
[Result "1-0"]
[ECO "D55"]
[WhiteElo "2589"]
[BlackElo "2672"]
[Annotator "ChessBase"]
[PlyCount "97"]
[EventDate "2024.01.12"]
[EventType "k.o."]
[EventCountry "NET"]
[SourceTitle "playchess.com"]
[Source "ChessBase"]
[SourceQuality "1"]
[TimeControl "600+2"]

1. d4 d5 2. c4 e6 3. Nc3 Nf6 4. Bg5 Be7 5. e3 h6 6. Bxf6 Bxf6 7. Nf3 O-O 8. Rc1 c6 9. h4 g6 10. Bd3 Nd7 11. cxd5 exd5 12. h5 g5 13. Ne2 Re8 14. Ng3 Nb6 15. O-O Be6 16. Ne5 Bxe5 17. dxe5 Nc4 18. Bxc4 dxc4 19. Qf3 Kg7 20. Rfd1 Qe7 21. Rxc4 Rad8 22. Rcd4 Rxd4 23. exd4 Rd8 24. a3 g4 25. Qe3 Qg5 26. Qxg5+ hxg5 27. Ne4 Kh6 28. Nf6 a5 29. Kh2 Ra8 30. Kg3 Ra6 31. Nxg4+ Kxh5 32. Nf6+ Kg6 33. Ne4 Rb6 34. Rd2 Rb5 35. f3 Rd5 36. Kf2 b6 37. g4 Rb5 38. Nc3 Rb3 39. Rc2 c5 40. d5 Bd7 41. Ne4 a4 42. Rd2 c4 43. Nc3 b5 44. Rc2 Kg7 45. Ke3 f6 46. e6 Bc8 47. Kd4 Kf8 48. Kc5 Ke7 49. Re2 1-0

[Event "CCT Chessable Masters D-III 2024"]
[Site "Online"]
[Date "2024.02.03"]
[Round "52"]
[White "bardiya_Daneshvar"]
[Black "Rakhmanov_Aleksandr"]
[Result "1-0"]
[ECO "D31"]
[WhiteElo "2588"]
[BlackElo "2632"]
[Annotator "ChessBase"]
[PlyCount "99"]
[EventDate "2024.01.12"]
[EventType "k.o."]
[EventCountry "NET"]
[SourceTitle "playchess.com"]
[Source "ChessBase"]
[SourceQuality "1"]
[TimeControl "600+2"]

1. d4 d5 2. c4 e6 3. Nc3 Bb4 4. cxd5 exd5 5. Bf4 c6 6. e3 Ne7 7. h4 Bd6 8. Qf3 Bxf4 9. Qxf4 Nd7 10. h5 h6 11. Nf3 Nf6 12. Bd3 Be6 13. Ne5 Nd7 14. O-O-O Qc7 15. Ng6 Qxf4 16. Nxf4 Bf5 17. Be2 Nc8 18. g4 Bh7 19. f3 Nd6 20. Kd2 a5 21. a4 Nb8 22. Rdg1 Na6 23. g5 Bf5 24. b3 Nc7 25. gxh6 gxh6 26. Bd3 Bxd3 27. Nxd3 Ke7 28. e4 dxe4 29. fxe4 Rag8 30. Ke3 Ne6 31. d5 Ng5 32. Rf1 cxd5 33. Nxd5+ Kd8 34. Nf6 Rg7 35. e5 Ne8 36. Rd1 Ke7 37. Nd5+ Kf8 38. Nc5 Ne6 39. Nd7+ Kg8 40. Rhg1 Rg5 41. Rdf1 Kg7 42. Ne7 Rxg1 43. Rxg1+ Ng5 44. Rc1 f6 45. Ng6 Rg8 46. Rc5 fxe5 47. Ndxe5 Nd6 48. Rc7+ Kf6 49. Ng4+ Ke6 50. Nf4+ 1-0

[Event "CCT Chessable Masters D-III 2024"]
[Site "Online"]
[Date "2024.02.03"]
[Round "52"]
[White "ViIIagra"]
[Black "Deac, Bogdan-Daniel"]
[Result "0-1"]
[ECO "D00"]
[WhiteElo "2586"]
[BlackElo "2690"]
[Annotator "ChessBase"]
[PlyCount "68"]
[EventDate "2024.01.12"]
[EventType "k.o."]
[EventCountry "NET"]
[SourceTitle "playchess.com"]
[Source "ChessBase"]
[SourceQuality "1"]
[TimeControl "600+2"]

1. d4 d5 2. Nc3 Nf6 3. Bf4 e6 4. e3 Bd6 5. Nf3 O-O 6. a3 c5 7. dxc5 Bxc5 8. Nb5 Nc6 9. b4 Be7 10. Ne5 Nxe5 11. Bxe5 Bd7 12. Nd4 a5 13. b5 Ne4 14. Bd3 f6 15. Bg3 e5 16. Ne2 Nc5 17. Nc3 Be6 18. O-O Rc8 19. Qd2 d4 20. Ne4 dxe3 21. Qxe3 Nxd3 22. cxd3 Qd5 23. Rfc1 Qxb5 24. d4 Rxc1+ 25. Rxc1 Qb3 26. Nc3 Bxa3 27. Rb1 Qc4 28. d5 Bc8 29. Ne4 Bb4 30. d6 Bf5 31. Rc1 Qxe4 32. Qb3+ Kh8 33. d7 Bxd7 34. f3 Qg6 0-1

[Event "CCT Chessable Masters D-III 2024"]
[Site "Online"]
[Date "2024.02.03"]
[Round "52"]
[White "kpio91"]
[Black "Bortnyk, Oleksandr"]
[Result "0-1"]
[ECO "B03"]
[WhiteElo "2436"]
[BlackElo "2633"]
[Annotator "NA"]
[PlyCount "58"]
[EventDate "2024.01.12"]
[EventType "k.o."]
[EventCountry "NET"]
[SourceTitle "playchess.com"]
[Source "ChessBase"]
[SourceQuality "1"]
[TimeControl "600+2"]

1. e4 Nf6 2. e5 Nd5 3. d4 d6 4. c4 Nb6 5. f4 dxe5 6. fxe5 Bf5 7. Nc3 e6 8. Nf3 Bb4 9. Bd3 c5 10. Bg5 Qd7 11. d5 exd5 12. cxd5 Bxc3+ 13. bxc3 Bxd3 14. Qxd3 Qxd5 15. Qc2 Qc4 16. Nd2 Qe6 17. O-O N8d7 18. Rae1 O-O 19. Ne4 Nc4 20. Bf6 gxf6 21. exf6 Qg4 22. Rf3 Kh8 23. Rg3 Qh4 24. Ng5 Nxf6 25. Rf1 Ne3 26. Rxe3 Qxg5 27. Rg3 Qe5 28. Rf5 Qe4 29. Qf2 Qb1+ 0-1

[Event "CCT Chessable Masters D-III 2024"]
[Site "Online"]
[Date "2024.02.03"]
[Round "53"]
[White "Tabatabaei, M. Amin"]
[Black "Deac, Bogdan-Daniel"]
[Result "0-1"]
[ECO "E60"]
[WhiteElo "2696"]
[BlackElo "2690"]
[Annotator "ChessBase"]
[PlyCount "152"]
[EventDate "2024.01.12"]
[EventType "k.o."]
[EventCountry "NET"]
[SourceTitle "playchess.com"]
[Source "ChessBase"]
[SourceQuality "1"]
[TimeControl "600+2"]

1. d4 Nf6 2. c4 g6 3. g3 c5 4. Nf3 Bg7 5. Bg2 Qa5+ 6. Qd2 Nc6 7. Qxa5 Nxa5 8. dxc5 Ne4 9. Nbd2 Nxc5 10. Rb1 Na4 11. e3 Nc6 12. O-O d6 13. a3 Bf5 14. e4 Be6 15. Re1 Rc8 16. b4 Ne5 17. Nxe5 Bxe5 18. Bf1 Bc3 19. b5 Nb6 20. Re3 Bxd2 21. Bxd2 Bxc4 22. Bg2 Kd7 23. e5 Bd5 24. exd6 e6 25. Bf1 Kxd6 26. Bc3 Rhe8 27. Bb4+ Kd7 28. Rd1 Rc7 29. a4 Nxa4 30. Ra1 Nb6 31. Rxa7 Rc1 32. Re1 Rxe1 33. Bxe1 Rc8 34. Ra1 Rc2 35. h4 h5 36. Rd1 Kc8 37. Ba5 Nd7 38. Bb4 b6 39. Bd6 Nc5 40. Bxc5 Rxc5 41. Ra1 Kb7 42. Rd1 Kc7 43. Ra1 Kb7 44. Rd1 f6 45. Re1 Kc7 46. Ra1 Kd6 47. Bd3 f5 48. Bf1 Rc3 49. Ra6 Kc5 50. Ra7 Rb3 51. Rc7+ Kd4 52. Rd7 Rb1 53. Rd8 Ke4 54. Kg2 Ke5+ 55. f3 Rb2+ 56. Kg1 Bxf3 57. Rb8 Bd5 58. Rxb6 Kd4 59. Rb8 Ke3 60. Rg8 Rb1 61. Rc8 e5 62. Rc5 Kd4 63. Rc2 e4 64. Rd2+ Ke5 65. Kf2 e3+ 66. Kxe3 Rxf1 67. Rb2 Rc1 68. b6 Rc3+ 69. Kd2 Rc8 70. b7 Rb8 71. Rb6 Rxb7 72. Rxg6 Bf3 73. Rg5 Bg4 74. Ke3 Rb3+ 75. Kf2 Rb2+ 76. Ke3 Rg2 0-1

[Event "CCT Chessable Masters D-III 2024"]
[Site "Online"]
[Date "2024.02.03"]
[Round "53"]
[White "Deac, Bogdan-Daniel"]
[Black "Tabatabaei, M. Amin"]
[Result "0-1"]
[ECO "C84"]
[WhiteElo "2690"]
[BlackElo "2696"]
[Annotator "ChessBase"]
[PlyCount "118"]
[EventDate "2024.01.12"]
[EventType "k.o."]
[EventCountry "NET"]
[SourceTitle "playchess.com"]
[Source "ChessBase"]
[SourceQuality "1"]
[TimeControl "600+2"]

1. e4 e5 2. Nf3 Nc6 3. Bb5 a6 4. Ba4 Nf6 5. O-O Nxe4 6. d4 Be7 7. Re1 b5 8. d5 Nf6 9. dxc6 bxa4 10. Nxe5 O-O 11. cxd7 Bxd7 12. Nc3 a3 13. bxa3 Re8 14. Nxd7 Qxd7 15. Qxd7 Nxd7 16. Nd5 Bd6 17. Be3 Rab8 18. Red1 Ne5 19. Rd4 Rb2 20. Ra4 Reb8 21. g3 Rxc2 22. Rxa6 h5 23. Nb4 Bxb4 24. axb4 Rxb4 25. h3 Nc4 26. Ba7 Nb6 27. Bxb6 cxb6 28. a4 Rbb2 29. Rf1 Rc5 30. Kg2 g6 31. Re1 Rf5 32. Rf1 Ra5 33. Rxa5 bxa5 34. Ra1 Kg7 35. g4 h4 36. g5 Rb4 37. Kf3 Kf8 38. Rc1 Rxa4 39. Rc7 Rb4 40. Ra7 a4 41. Ke3 Rb3+ 42. Kf4 Rb4+ 43. Ke3 Kg8 44. f3 Kg7 45. Ra6 Kh7 46. Ra8 Rc4 47. Ra6 Kg8 48. Ra8+ Kg7 49. Ra7 Kf8 50. Kd3 Rb4 51. Ke3 Ke8 52. f4 Rb3+ 53. Ke4 a3 54. Ke5 Rxh3 55. Kf6 Rf3 56. Ra8+ Kd7 57. Kxf7 h3 58. f5 h2 59. Rh8 a2 0-1

[Event "CCT Chessable Masters D-III 2024"]
[Site "Online"]
[Date "2024.02.03"]
[Round "53"]
[White "KuzubovYuriy"]
[Black "bardiya_Daneshvar"]
[Result "0-1"]
[ECO "D45"]
[WhiteElo "2684"]
[BlackElo "2597"]
[Annotator "ChessBase"]
[PlyCount "90"]
[EventDate "2024.01.12"]
[EventType "k.o."]
[EventCountry "NET"]
[SourceTitle "playchess.com"]
[Source "ChessBase"]
[SourceQuality "1"]
[TimeControl "600+2"]

1. d4 Nf6 2. Nf3 d5 3. c4 c6 4. Nc3 e6 5. e3 Nbd7 6. Be2 Bd6 7. b3 O-O 8. Bb2 dxc4 9. bxc4 e5 10. O-O exd4 11. exd4 Re8 12. Re1 Nf8 13. Bf1 Bf5 14. Qb3 Rb8 15. Rxe8 Qxe8 16. Re1 Qd7 17. Ne5 Qc7 18. Ne2 Ng6 19. Ng3 Be6 20. Qc2 Bb4 21. Re3 Rd8 22. Nxg6 hxg6 23. Rxe6 fxe6 24. c5 Rf8 25. Bc1 Nd5 26. Ne4 b6 27. Ng5 Rf6 28. a3 Bc3 29. Qd3 bxc5 30. dxc5 Qe5 31. Qh3 Rxf2 32. Kxf2 Qe1+ 33. Kf3 Qxf1+ 34. Kg4 Qxc1 35. Qh7+ Kf8 36. Qh8+ Ke7 37. Qb8 Nf6+ 38. Kh4 Be1+ 39. g3 Qd2 40. Qxa7+ Nd7 41. Qc7 Qxh2+ 42. Kg4 Qh5+ 43. Kf4 Bd2+ 44. Ke4 Qxg5 45. Qd6+ Kd8 0-1

[Event "CCT Chessable Masters D-III 2024"]
[Site "Online"]
[Date "2024.02.03"]
[Round "53"]
[White "Bortnyk, Oleksandr"]
[Black "Lysyj, Igor"]
[Result "1-0"]
[ECO "C77"]
[WhiteElo "2640"]
[BlackElo "2589"]
[Annotator "ChessBase"]
[PlyCount "93"]
[EventDate "2024.01.12"]
[EventType "k.o."]
[EventCountry "NET"]
[SourceTitle "playchess.com"]
[Source "ChessBase"]
[SourceQuality "1"]
[TimeControl "600+2"]

1. e4 e5 2. Nf3 Nc6 3. Bb5 a6 4. Ba4 Nf6 5. Nc3 Bc5 6. O-O O-O 7. d3 d6 8. Bxc6 bxc6 9. h3 h6 10. Be3 Bxe3 11. fxe3 Re8 12. Qe1 d5 13. Qg3 Qd6 14. d4 exd4 15. e5 Nh5 16. Qh4 Qg6 17. exd4 Rb8 18. b3 Ng3 19. Rfe1 Bf5 20. Kh2 Ne4 21. Ne2 Ng5 22. c3 Be4 23. Nf4 Qf5 24. Nd2 c5 25. Rf1 cxd4 26. cxd4 Qd7 27. Qg3 Bh7 28. Rac1 Rb4 29. Qc3 Reb8 30. a3 R4b7 31. b4 Ne6 32. Nb3 Be4 33. Nxe6 Qxe6 34. Nc5 Qg6 35. Rf2 Ra7 36. Re1 a5 37. bxa5 Rb5 38. a6 Rb6 39. Re3 Rbxa6 40. Nxa6 Qxa6 41. Rg3 Bg6 42. Qc5 Rb7 43. Qxd5 Kh7 44. Rxg6 fxg6 45. Rf8 g5 46. Qe4+ g6 47. Qd5 1-0

[Event "CCT Chessable Masters D-III 2024"]
[Site "Online"]
[Date "2024.02.03"]
[Round "53"]
[White "bardiya_Daneshvar"]
[Black "KuzubovYuriy"]
[Result "1/2-1/2"]
[ECO "A41"]
[WhiteElo "2607"]
[BlackElo "2674"]
[Annotator "ChessBase"]
[PlyCount "161"]
[EventDate "2024.01.12"]
[EventType "k.o."]
[EventCountry "NET"]
[SourceTitle "playchess.com"]
[Source "ChessBase"]
[SourceQuality "1"]
[TimeControl "600+2"]

1. d4 g6 2. c4 Bg7 3. Nc3 d6 4. Nf3 Bg4 5. e3 Nc6 6. Be2 e5 7. d5 Bxf3 8. Bxf3 Nce7 9. Qb3 b6 10. e4 f5 11. h4 Bh6 12. Bg5 Kf7 13. Ne2 Kg7 14. Qe3 Bxg5 15. hxg5 h6 16. gxh6+ Rxh6 17. O-O-O f4 18. Qc3 Rxh1 19. Rxh1 Nf6 20. g3 fxg3 21. Nxg3 Qd7 22. Qd2 Rh8 23. Rxh8 Kxh8 24. Qh6+ Kg8 25. b3 Kf7 26. Kd2 Qc8 27. Ke1 Neg8 28. Qc1 Qa6 29. Qd2 Qa3 30. Ne2 Kg7 31. Nc3 a6 32. Ke2 Nh6 33. Kd3 Qa5 34. Be2 Qc5 35. Qe3 Qa3 36. Kc2 Nf7 37. Kb1 Nd7 38. Bg4 Nc5 39. Bd1 Qa5 40. Be2 Qb4 41. Kb2 Nb7 42. a3 Qc5 43. Nd1 Kf6 44. Qf3+ Ke7 45. Kc2 Qd4 46. Qg4 Nc5 47. f3 Qa1 48. Nc3 Qe1 49. Qxg6 Qf2 50. Qg4 b5 51. cxb5 axb5 52. Qh3 b4 53. axb4 Na6 54. Qf1 Nxb4+ 55. Kb1 Qe3 56. Qc1 Qd4 57. Nb5 Qf2 58. Qxc7+ Kf6 59. Qc4 Qe1+ 60. Kb2 Ng5 61. Na3 Nh3 62. Nc2 Nxc2 63. Qxc2 Nf4 64. Bb5 Kg5 65. Bc4 Kh4 66. Qh2+ Kg5 67. Kc2 Qa5 68. Qg3+ Kh6 69. Qh4+ Kg6 70. Qg4+ Kf6 71. Qf5+ Ke7 72. Qg5+ Kd7 73. Qg7+ Kc8 74. Qf8+ Kb7 75. Qe7+ Ka8 76. Qe8+ Ka7 77. Qd7+ Ka8 78. Qc8+ Ka7 79. Qd7+ Ka8 80. Qc8+ Ka7 81. Qd7+ 1/2-1/2

[Event "CCT Chessable Masters D-III 2024"]
[Site "Online"]
[Date "2024.02.03"]
[Round "53"]
[White "Antipov, Mikhail Al."]
[Black "Yoo, Christopher Woojin"]
[Result "1-0"]
[ECO "B52"]
[WhiteElo "2604"]
[BlackElo "2595"]
[Annotator "ChessBase"]
[PlyCount "55"]
[EventDate "2024.01.12"]
[EventType "k.o."]
[EventCountry "NET"]
[SourceTitle "playchess.com"]
[Source "ChessBase"]
[SourceQuality "1"]
[TimeControl "600+2"]

1. e4 c5 2. Nf3 d6 3. Bb5+ Bd7 4. c4 Nf6 5. Nc3 g6 6. O-O Bg7 7. Bxd7+ Qxd7 8. d4 cxd4 9. Qxd4 Nc6 10. Qd3 O-O 11. Bd2 Rfc8 12. h3 Qd8 13. Rac1 Nd7 14. b3 a5 15. Rfd1 Nc5 16. Qb1 a4 17. b4 Nd7 18. Bf4 a3 19. Qb3 Qe8 20. Nb5 Bb2 21. Rc2 Nde5 22. Nxe5 Nxe5 23. Bxe5 dxe5 24. Rcd2 Qc6 25. Rd5 b6 26. Rd7 Bd4 27. Rxe7 Qxc4 28. Re8+ 1-0

[Event "CCT Chessable Masters D-III 2024"]
[Site "Online"]
[Date "2024.02.03"]
[Round "53"]
[White "Yoo, Christopher Woojin"]
[Black "Antipov, Mikhail Al."]
[Result "0-1"]
[ECO "C54"]
[WhiteElo "2595"]
[BlackElo "2604"]
[Annotator "ChessBase"]
[PlyCount "56"]
[EventDate "2024.01.12"]
[EventType "k.o."]
[EventCountry "NET"]
[SourceTitle "playchess.com"]
[Source "ChessBase"]
[SourceQuality "1"]
[TimeControl "600+2"]

1. e4 e5 2. Nf3 Nc6 3. Bc4 Bc5 4. c3 Nf6 5. d4 exd4 6. e5 d5 7. Be2 Ne4 8. cxd4 Bb6 9. Nc3 O-O 10. O-O Bf5 11. Be3 h6 12. Rc1 Ne7 13. Nh4 Bh7 14. Bd3 f5 15. exf6 Rxf6 16. Qc2 Re6 17. Nf3 c6 18. Ne5 Qd6 19. Nxe4 dxe4 20. Bxe4 Bxe4 21. Qxe4 Rf8 22. Nc4 Qxh2+ 23. Kxh2 Rxe4 24. Nd6 Rh4+ 25. Kg3 g5 26. Rh1 Bc7 27. Rxh4 Bxd6+ 28. Kh3 gxh4 0-1

[Event "CCT Chessable Masters D-III 2024"]
[Site "Online"]
[Date "2024.02.03"]
[Round "53"]
[White "Lysyj, Igor"]
[Black "Bortnyk, Oleksandr"]
[Result "1/2-1/2"]
[ECO "A50"]
[WhiteElo "2589"]
[BlackElo "2641"]
[Annotator "ChessBase"]
[PlyCount "165"]
[EventDate "2024.01.12"]
[EventType "k.o."]
[EventCountry "NET"]
[SourceTitle "playchess.com"]
[Source "ChessBase"]
[SourceQuality "1"]
[TimeControl "600+2"]

1. d4 Nf6 2. c4 b6 3. Nc3 Bb7 4. Nf3 g6 5. d5 Bg7 6. e4 O-O 7. Be2 Na6 8. O-O Nc5 9. e5 Ng4 10. Ne1 Nh6 11. Bf4 d6 12. Qd2 Nf5 13. Nf3 dxe5 14. Bxe5 f6 15. Bg3 e5 16. b4 Nd7 17. Rad1 a5 18. a3 axb4 19. axb4 Bh6 20. Qc2 Nxg3 21. hxg3 f5 22. c5 bxc5 23. bxc5 Nxc5 24. Nxe5 Bg7 25. Nc6 Qf6 26. Nb5 Ne4 27. Nxc7 Rac8 28. Ne6 Rf7 29. Nxg7 Bxc6 30. Nxf5 gxf5 31. dxc6 Rxc6 32. Qb3 Kg7 33. Bh5 Rfc7 34. Bf3 Rc3 35. Qb5 R3c5 36. Qb4 Rc4 37. Qa5 R4c5 38. Qa8 Ng5 39. Rd8 Rc1 40. Rd7+ Rxd7 41. Rxc1 Re7 42. Rd1 Ne4 43. Re1 Ng5 44. Rxe7+ Qxe7 45. Qa1+ Qf6 46. Qd1 Nf7 47. Be2 Nd6 48. Bd3 Qd4 49. Qf3 Qa1+ 50. Kh2 Qf6 51. Qf4 Qh6+ 52. Kg1 Qxf4 53. gxf4 Kf6 54. g3 h6 55. Kg2 Nb7 56. Kh3 Nc5 57. Bc2 Ne6 58. Kh4 Ng7 59. Bd3 Ke6 60. Kh3 Kf6 61. Kg2 Ne6 62. Kf3 Nd4+ 63. Ke3 Ne6 64. Bc4 Nf8 65. Kd4 Ng6 66. Be2 Nf8 67. Kd5 Ne6 68. Bd3 Nf8 69. Kd6 Ng6 70. Be2 Nf8 71. Bc4 Ng6 72. Be2 Nf8 73. Bf3 Ne6 74. Kd5 Nc7+ 75. Kc4 Ne6 76. Bd5 Nf8 77. Kd4 Ng6 78. Ke3 h5 79. Bf3 h4 80. Bg2 hxg3 81. fxg3 Nf8 82. Bh3 Ne6 83. Bg2 1/2-1/2

[Event "CCT Chessable Masters D-III 2024"]
[Site "Online"]
[Date "2024.02.04"]
[Round "54"]
[White "Tabatabaei, M. Amin"]
[Black "Indjic, Aleksandar"]
[Result "1/2-1/2"]
[ECO "D05"]
[WhiteElo "2696"]
[BlackElo "2595"]
[Annotator "ChessBase"]
[PlyCount "118"]
[EventDate "2024.01.12"]
[EventType "k.o."]
[EventCountry "NET"]
[SourceTitle "playchess.com"]
[Source "ChessBase"]
[SourceQuality "1"]
[TimeControl "600+2"]

1. d4 Nf6 2. Nf3 e6 3. e3 b6 4. Bd3 Bb7 5. O-O d5 6. b3 Be7 7. c4 Nbd7 8. cxd5 exd5 9. Ba3 O-O 10. Bxe7 Qxe7 11. Nc3 a6 12. Rc1 c5 13. Ne2 g6 14. Qc2 Rac8 15. Qb2 Rfe8 16. Rfd1 h5 17. Nf4 b5 18. dxc5 Rxc5 19. Bf1 Rec8 20. Nd3 R5c7 21. Rxc7 Rxc7 22. Rc1 Qd6 23. Nd4 Ne4 24. Rc2 Rxc2 25. Qxc2 b4 26. g3 a5 27. Bg2 Nc3 28. a3 Ba6 29. axb4 axb4 30. Nf4 Ne5 31. h4 Kf8 32. Qc1 Nd3 33. Nxd3 Bxd3 34. Qa1 Ba6 35. Qa5 Bd3 36. Qa8+ Kg7 37. Qb7 Ba6 38. Qc6 Qxc6 39. Nxc6 Bc4 40. Nxb4 Bxb3 41. Kf1 Kf6 42. Ke1 Bc4 43. Kd2 Ne4+ 44. Bxe4 dxe4 45. Kc3 Bf1 46. Kd4 Kf5 47. Nd5 Bg2 48. Nc3 f6 49. Kd5 g5 50. Kd6 gxh4 51. gxh4 Kg4 52. Ke6 Kxh4 53. Kf5 Kh3 54. Nd5 Bf3 55. Nxf6 Kg2 56. Nxh5 Bxh5 57. Kxe4 Kxf2 58. Kf4 Bf3 59. e4 Bxe4 1/2-1/2

[Event "CCT Chessable Masters D-III 2024"]
[Site "Online"]
[Date "2024.02.04"]
[Round "54"]
[White "Tabatabaei, M. Amin"]
[Black "Indjic, Aleksandar"]
[Result "1-0"]
[ECO "E13"]
[WhiteElo "2696"]
[BlackElo "2595"]
[Annotator "ChessBase"]
[PlyCount "141"]
[EventDate "2024.01.12"]
[EventType "k.o."]
[EventCountry "NET"]
[SourceTitle "playchess.com"]
[Source "ChessBase"]
[SourceQuality "1"]
[TimeControl "600+2"]

1. d4 Nf6 2. c4 e6 3. Nf3 c5 4. e3 cxd4 5. exd4 Bb4+ 6. Nc3 b6 7. Bd3 Bb7 8. O-O O-O 9. Bg5 h6 10. Bh4 Bxc3 11. bxc3 d6 12. Qe2 Nbd7 13. Nd2 Rc8 14. a4 Re8 15. f4 d5 16. a5 Qc7 17. Bg3 dxc4 18. Nxc4 b5 19. f5 bxc4 20. Bxc7 cxd3 21. Qxd3 Rxc7 22. fxe6 Rxe6 23. c4 Ba6 24. Rfc1 Rec6 25. Ra4 Rc8 26. Qb3 Rd6 27. Qb2 Rdc6 28. c5 Nd5 29. Re1 N7f6 30. Ra3 R6c7 31. Rb3 Nf4 32. Qd2 Ne6 33. Reb1 Rd7 34. Rb8 Rxd4 35. Rxc8+ Bxc8 36. Qc2 Rd7 37. c6 Rc7 38. Rb8 a6 39. Qc4 Ne8 40. Qd5 g5 41. h3 Kf8 42. Kh2 Ke7 43. Rxc8 Rxc8 44. Qd7+ Kf6 45. Qxc8 N8c7 46. Qd7 Kg6 47. Qd6 f5 48. Kg1 h5 49. Kf2 h4 50. Qe7 f4 51. Kf3 Kf5 52. Qd6 Nb5 53. Qd5+ Kf6 54. Kg4 Nbc7 55. Qf5+ Ke7 56. Qe5 Kf7 57. Kf5 Ke7 58. Kg6 Nb5 59. Qd5 Nd6 60. c7 Nxc7 61. Qxg5+ Kd7 62. Qxf4 Nd5 63. Qg4+ Ke8 64. Qe6+ Ne7+ 65. Kh5 Ndf5 66. Qxa6 Kf7 67. Qc4+ Kf6 68. Qc3+ Ke6 69. a6 Nd5 70. Qe1+ Kf6 71. a7 1-0

[Event "CCT Chessable Masters D-III 2024"]
[Site "Online"]
[Date "2024.02.04"]
[Round "54"]
[White "Matlakov, Maxim"]
[Black "bardiya_Daneshvar"]
[Result "0-1"]
[ECO "E05"]
[WhiteElo "2662"]
[BlackElo "2618"]
[Annotator "ChessBase"]
[PlyCount "72"]
[EventDate "2024.01.12"]
[EventType "k.o."]
[EventCountry "NET"]
[SourceTitle "playchess.com"]
[Source "ChessBase"]
[SourceQuality "1"]
[TimeControl "600+2"]

1. d4 Nf6 2. c4 e6 3. Nf3 d5 4. g3 Be7 5. Bg2 O-O 6. O-O dxc4 7. Qc2 a6 8. a4 Bd7 9. Bg5 Bc6 10. Rd1 b5 11. Bxf6 Bxf6 12. Nc3 Nd7 13. Ng5 Bxg5 14. Bxc6 Rb8 15. axb5 axb5 16. Nxb5 Nb6 17. Ra7 Rc8 18. Bb7 Rb8 19. Be4 g6 20. Nxc7 Nc8 21. Ra5 Qxc7 22. Rxg5 f5 23. Bf3 Ne7 24. d5 Rbd8 25. g4 h6 26. gxf5 hxg5 27. fxe6 Qf4 28. Qc3 Nxd5 29. Qa5 Nc7 30. Rf1 Nxe6 31. Qb6 Rd6 32. Qb7 Rf7 33. Qa8+ Kg7 34. Bg2 Rd8 35. Qc6 Rh8 36. h3 Nd4 0-1

[Event "CCT Chessable Masters D-III 2024"]
[Site "Online"]
[Date "2024.02.04"]
[Round "54"]
[White "Bortnyk, Oleksandr"]
[Black "Santos Latasa, Jaime"]
[Result "1-0"]
[ECO "C77"]
[WhiteElo "2647"]
[BlackElo "2615"]
[Annotator "ChessBase"]
[PlyCount "117"]
[EventDate "2024.01.12"]
[EventType "k.o."]
[EventCountry "NET"]
[SourceTitle "playchess.com"]
[Source "ChessBase"]
[SourceQuality "1"]
[TimeControl "600+2"]

1. e4 e5 2. Nf3 Nc6 3. Bb5 a6 4. Ba4 Nf6 5. Nc3 Bc5 6. O-O d6 7. d4 exd4 8. Bxc6+ bxc6 9. Nxd4 O-O 10. Bg5 Bd7 11. Nb3 Bb6 12. e5 dxe5 13. Ne4 Bf5 14. Nxf6+ gxf6 15. Qf3 fxg5 16. Qxf5 Qe7 17. Nd2 Rad8 18. Ne4 f6 19. Rad1 Kg7 20. g4 Rd5 21. c4 Rd4 22. Rxd4 Bxd4 23. Rd1 Re8 24. Ng3 Qe6 25. Nh5+ Kh8 26. Qe4 c5 27. Rd3 f5 28. gxf5 Qxc4 29. Kg2 Qf7 30. Rh3 Rd8 31. b3 h6 32. f6 Qh7 33. Ng3 Rf8 34. Qc6 Qg6 35. Ne4 g4 36. Rh4 Kg8 37. Qe6+ Kh7 38. Rxg4 Qxg4+ 39. Qxg4 Rg8 40. f3 Rxg4+ 41. fxg4 Kg6 42. h4 Be3 43. Kf3 Bd4 44. a4 c4 45. bxc4 a5 46. g5 hxg5 47. hxg5 Bb2 48. Kg4 Bc1 49. Kh4 Be3 50. Kg4 Bc1 51. c5 Be3 52. c6 Bc1 53. Kh4 Be3 54. Kg3 Bc1 55. Kf3 Ba3 56. Ke2 Kf5 57. Ke3 Bc1+ 58. Kd3 Ba3 59. Kc4 1-0

[Event "CCT Chessable Masters D-III 2024"]
[Site "Online"]
[Date "2024.02.04"]
[Round "54"]
[White "Santos Latasa, Jaime"]
[Black "Bortnyk, Oleksandr"]
[Result "0-1"]
[ECO "E81"]
[WhiteElo "2615"]
[BlackElo "2649"]
[Annotator "ChessBase"]
[PlyCount "182"]
[EventDate "2024.01.12"]
[EventType "k.o."]
[EventCountry "NET"]
[SourceTitle "playchess.com"]
[Source "ChessBase"]
[SourceQuality "1"]
[TimeControl "600+2"]

1. d4 Nf6 2. c4 g6 3. f3 Bg7 4. e4 d6 5. Nc3 a6 6. Nge2 O-O 7. Be3 c5 8. dxc5 dxc5 9. Qxd8 Rxd8 10. Bxc5 Nc6 11. Ba3 Be6 12. Nd5 b5 13. Nxe7+ Nxe7 14. Bxe7 Rd7 15. Bb4 a5 16. Bc3 b4 17. Be5 Bxc4 18. Nf4 Bxf1 19. Rxf1 Re8 20. Bxf6 Bxf6 21. Rd1 Rxd1+ 22. Kxd1 Bxb2 23. Kc2 Be5 24. Nd5 Rc8+ 25. Kb3 Rc5 26. h3 f5 27. Rf2 fxe4 28. fxe4 Kg7 29. Ka4 h5 30. Nb6 Bc7 31. Nd5 Be5 32. Nb6 Bc7 33. Nd7 Rc3 34. e5 Re3 35. Rc2 Bxe5 36. Kxa5 Bd6 37. Rb2 g5 38. Kb5 g4 39. hxg4 hxg4 40. Nb6 Rd3 41. Kc6 g3 42. Nd5 Be5 43. Re2 Bc3 44. Kc5 Rd1 45. Nxb4 Be1 46. Kc4 Bf2 47. Nd3 Rg1 48. Nf4 Kf6 49. Re8 Kf5 50. Rf8+ Ke4 51. a4 Rc1+ 52. Kb5 Rb1+ 53. Ka6 Rb6+ 54. Ka5 Rb2 55. Nh5 Ke5 56. Rf3 Be1+ 57. Ka6 Kd4 58. Nf4 Ra2 59. Kb5 Rb2+ 60. Kc6 Ra2 61. Ne6+ Ke4 62. Nc5+ Kd4 63. Rd3+ Kc4 64. Re3 Bf2 65. Re4+ Kc3 66. Ne6 Bg1 67. Nf4 Bf2 68. Kd5 Rd2+ 69. Ke6 Ra2 70. Kf5 Ra1 71. Kg4 Kd2 72. Nh5 Kd3 73. Rb4 Bc5 74. Rf4 Bd4 75. Nxg3 Be5 76. Rb4 Bd6 77. Rb3+ Kc4 78. Re3 Bc5 79. Re4+ Kd5 80. Rf4 Bd6 81. Rf5+ Ke6 82. Ra5 Bb4 83. Ra6+ Kd5 84. Nh5 Bc5 85. Nf4+ Kc4 86. g3 Bb4 87. Nh5 Rd1 88. Nf4 Rd4 89. Kf5 Rd8 90. g4 Rf8+ 91. Ke4 Re8+ 0-1